 Dungeon Crawl Stone Soup version 0.31.0-11-ge490571c62 (webtiles) character file.

Game seed: 14655691588738161567

432 browni3141 the Chopper (level 6, -2/57 HPs)
             Began as a Minotaur Fighter on Jan 28, 2024.
             Was a Follower of Okawaru.
             Slain by a kobold brigand
             ... wielding a +0 short sword
              (5 damage)
             ... on level 6 of the Dungeon.
             The game lasted 00:01:41 (1750 turns).

browni3141 the Chopper (Minotaur Fighter)           Turns: 1750, Time: 00:01:41

Health: -2/57      AC: 12    Str: 23    XL:     6   Next: 67%
Magic:  5/5        EV:  6    Int:  5    God:    Okawaru [*.....]
Gold:   180        SH:  4    Dex:  9    Spells: 5/5 levels left

rFire   . . .        a - +0 war axe
rCold   . . .        c - +0 buckler
rNeg    . . .        g - +0 plate armour
rPois   .            (helmet restricted)
rElec   .            (no cloak)
rCorr   .            (no gloves)
SInv    .            (no boots)
Will    .....        (no amulet) Stlth
                     (no ring)
HPRegen 0.29/turn    (no ring)
MPRegen 0.09/turn

%: no passive effects
@: mighty
A: horns 2, retaliatory headbutt
a: Renounce Religion, Heroism


You were on level 6 of the Dungeon.
You worshipped Okawaru.
Okawaru was aware of your devotion.
You visited 2 branches of the dungeon, and saw 7 of its levels.
You also visited: Sewer.

You collected 180 gold pieces.

Inventory:

Hand Weapons
 a - a +0 war axe (weapon)
Armour
 b - a +0 scale mail
 c - a +0 buckler (worn)
 g - a +0 plate armour (worn)
Wands
 m - a wand of flame (20)
Scrolls
 e - 3 scrolls of identify {unknown}
 f - a scroll of fear {unknown}
 h - a scroll of poison {unknown}
 j - a scroll of fog {unknown}
 k - a scroll of summoning {unknown}
 l - a scroll of silence {unknown}
 n - 2 scrolls of teleportation {unknown}
 o - a scroll of brand weapon {unknown}
Potions
 d - a potion of might
 i - 2 potions of brilliance


   Skills:
 + Level 5.6 Fighting
 * Level 6.6 Axes
 + Level 5.0 Armour
 - Level 3.6 Shields


You had 5 spell levels left.
You didn't know any spells.
Your spell library contained the following spells:

 Spells                   Type           Power      Damage    Failure   Level
 Eringya's Noxious Bog    Alch           0%         4d6       100%        6
 Summon Forest            Summ/Tloc      Unusable   N/A       N/A         5
 Summon Hydra             Summ           Unusable   N/A       N/A         7

Dungeon Overview and Level Annotations

Branches:
Dungeon (6/15)             Temple (1/1) D:4           Sewer (visited)

Altars:
Ashenzari
Cheibriados
Dithmenos
Fedhas
Gozag
Hepliaklqana
Makhleb
Nemelex Xobeh
Okawaru
Ru
Wu Jian
Yredelemnul

Annotations:
Temple 2 transporters


Innate Abilities, Weirdness & Mutations

You have a pair of horns on your head.
You reflexively headbutt those who attack you in melee.


Message History

The water moccasin bites you but does no damage.
You block the kobold's attack.
The kobold throws a stone.
You block the stone.
You slash the water moccasin!
The water moccasin is severely wounded.
You closely miss the kobold.
You feel sick.
The water moccasin bites you but does no damage.
The kobold hits you with a +0 whip.
The kobold throws a stone.
The stone hits you but does no damage. The water moccasin bites you.
You closely miss the water moccasin.
The water moccasin is severely wounded.
You slash the kobold!
You kill the kobold!
Okawaru accepts your kill.
You feel sick. The water moccasin bites you.
The kobold throws a stone.
The stone hits you but does no damage.
The water moccasin bites you but does no damage.
You slash the water moccasin!
You kill the water moccasin!
Okawaru is honoured by your kill.
You can now gain great but temporary skills.
You feel sick.
You are no longer poisoned.
The kobold throws a stone.
You block the stone.
Your Armour skill increases to level 5!
Items here: ! ) ††.
A kobold comes into view. It is wielding a +0 whip.
The kobold shouts!
You hear a shout! x2
The kobold moves out of view.
You hear a shout!
You barely miss the kobold. You barely miss the kobold.
Your headbutt misses the kobold. You closely miss the kobold.
A kobold comes into view. It is wielding a +0 short sword.
You block the kobold's attack. The kobold hits you with a +0 dagger.
You closely miss the kobold.
The kobold shouts!
You headbutt the kobold.
You kill the kobold!
Okawaru accepts your kill.
You barely miss the kobold.
A kobold brigand comes into view.
It is wielding a +0 short sword and quivering poisoned darts.
The kobold hits you but does no damage.
You miss the kobold.
The kobold brigand shouts!
You headbutt the kobold, but do no damage.
You hear a shout! x3
The kobold hits you but does no damage.
You closely miss the kobold.
A kobold comes into view. It is wielding a +0 club.
A kobold comes into view. It is wielding a +0 dagger.
A kobold comes into view.
It is wielding a +0 dagger of venom and quivering poisoned darts.
You hit the kobold. Your headbutt misses the kobold.
The kobold is heavily wounded.
You hit the kobold. The kobold barely misses you.
The kobold hits you with a +0 whip. The kobold hits you but does no damage.
You slash the kobold!
You kill the kobold!
Okawaru accepts your kill.
You hit the kobold but do no damage.
The kobold hits the plant with a +0 dagger of venom.
The plant begins to die.
The kobold barely misses you.
You slash the kobold!
You kill the kobold!
Okawaru accepts your kill. 2 kobolds come into view.
The kobold shouts! x2; You hear a shout!
The kobold hits you but does no damage.
The kobold brigand hits you but does no damage.
Things that are here:
a +0 whip; a kobold corpse You closely miss the kobold brigand.
You hit the plant but do no damage. You barely miss the kobold.
The kobold hits you with a +0 short sword.
A kobold comes into view. It is wielding a +0 whip.
You block the kobold brigand's attack.
A kobold comes into view.
It is wielding a +0 dagger and quivering poisoned darts.
You are too injured to fight recklessly!
You feel very mighty all of a sudden.
The kobold shouts!
A nearby plant withers and dies.
The kobold brigand hits you but does no damage.
The kobold hits you but does no damage.
You are too injured to fight recklessly!
You are too injured to fight recklessly!
You are too injured to fight recklessly!
You are too injured to fight recklessly!
You slash the kobold brigand!
The kobold brigand is moderately wounded.
You hit the plant.
The plant begins to die.
You barely miss the kobold.
A kobold comes into view. It is wielding a +0 short sword. x2
The kobold brigand hits you with a +0 short sword.
The kobold hits you but does no damage.
The kobold shouts!
You hit the kobold brigand.
Your headbutt misses the kobold brigand.
The kobold brigand is heavily wounded.
You slash the plant! You barely miss the kobold.
You hear a shout!
The kobold brigand hits you with a +0 short sword.
You die...

## #. . #. K.
.♣.♣K ###PP.P.♣
#P♣KKK.#
#####PKK..#
#...$@K♣
.#####..).♣.#
.......$).###
####..).##...
#..........<
#.###..#.##.##.#
#.......## .#
#####.### # #.#


You could see a kobold brigand and 7 kobolds.

Vanquished Creatures
  A water moccasin (D:6)
  An ogre (D:5)
  A scorpion (D:5)
  Terence (D:3)
  A sleepcap (D:5)
  A hell rat (Sewer)
  3 adders
  A river rat (Sewer)
  2 ufetubi (D:5)
  A dart slug (D:4)
  A ribbon worm (D:2)
  An orc (D:5)
  6 ball pythons
  3 endoplasms
  3 giant cockroaches
  4 goblins
  3 hobgoblins
  3 jackals (D:3)
  6 quokkas
  A bat (D:1)
  3 frilled lizards
  9 kobolds
  10 rats
66 creatures vanquished.

Notes
Turn   | Place    | Note
-------+----------+-------------------------------------------
     0 | D:1      | browni3141 the Minotaur Fighter began the quest for the
                  | Orb.
     0 | D:1      | Reached XP level 1. HP: 19/19 MP: 0/0
   103 | D:1      | Reached skill level 3 in Axes
   143 | D:1      | Reached XP level 2. HP: 25/27 MP: 1/1
   346 | D:2      | Reached XP level 3. HP: 33/33 MP: 2/2
   359 | D:3      | Reached skill level 4 in Axes
   465 | D:3      | Noticed Terence
   476 | D:3      | Killed Terence
   477 | D:3      | Reached XP level 4. HP: 41/41 MP: 3/3
   690 | D:3      | Found a glowing drain.
   695 | Sewer    | Entered a sewer
   791 | Sewer    | Reached skill level 5 in Axes
  1015 | D:4      | Found a staircase to the Ecumenical Temple.
  1030 | D:5      | Entered Level 5 of the Dungeon
  1041 | Temple   | Found a transporter.
  1041 | Temple   | Found a transporter.
  1041 | Temple   | Found a transporter.
  1041 | Temple   | Found a transporter.
  1041 | Temple   | Entered the Ecumenical Temple
  1129 | D:4      | Identified the +2 robe "Raiw" {Slay+2}
  1190 | D:4      | Found an iron altar of Okawaru.
  1196 | D:4      | Reached XP level 5. HP: 46/47 MP: 4/4
  1203 | D:4      | Became a worshipper of Warmaster Okawaru
  1424 | D:5      | Reached skill level 5 in Fighting
  1441 | D:5      | Noticed an ogre
  1448 | D:5      | HP: 2/48 [ogre/+0 giant club (7)]
  1453 | D:5      | Killed an ogre
  1455 | D:5      | Reached skill level 6 in Axes
  1455 | D:5      | Reached XP level 6. HP: 11/56 MP: 5/5
  1711 | D:6      | Identified the +1 dagger of the Dragonfly {heavy, rElec
                  | rPois Int-4 Dex-2}
  1723 | D:6      | Noticed a water moccasin
  1735 | D:6      | Killed a water moccasin
  1735 | D:6      | Reached * piety under Okawaru
  1736 | D:6      | Reached skill level 5 in Armour
  1750 | D:6      | Slain by a kobold brigand

Illustrated notes

Levels and vault maps discovered:
D:1:      dreamdust_arrival_beginning_and_end, layout_rooms
D:2:      layout_basic, uniq_sigmund
D:3:      layout_rooms, mainiacjoe_sewer_entry_somewhere_in_here_1,
          minmay_tree_intersection, grunt_ministairs_9, uniq_terence,
          uniq_natasha
D:4:      layout_loops_ring, mainiacjoe_overflow_chevrons,
          minmay_temple_entry_hall
D:5:      layout_rooms
D:6:      kennysheep_kobold_camp, layout_loops_ring, hex_large,
          hangedman_decor_peaks_small, minmay_misc_feat_tower,
          hangedman_decor_growths
Temple:   hellmonk_temple_divided_pantheon

Skill      XL: |  1  2  3  4  5  6 |
---------------+-------------------+-----
Axes           | 3 4 5 6 |  6.6
Fighting       | 4 5 |  5.6
Armour         | 4 5 |  5.0
Shields        | |  3.6

Action                     |  1- 3 |  4- 6 || total
---------------------------+-------+-------++-------
  Melee: War axe           |    69 |   105 ||   174
         Headbutt          |     6 |    16 ||    22
    Use: Potion            |       |     3 ||     3
 Armour: Scale mail        |    25 |       ||    25
         Plate armour      |    33 |   146 ||   179
  Dodge: Dodged            |    24 |    31 ||    55
  Block: Buckler           |    12 |    38 ||    50
